 Dungeon Crawl Stone Soup version 0.30.0-3-ga4e48a9924 (webtiles) character file.

Game seed: 1885235640776971822

138 hawla the Firebug (level 5, 0/38 HPs)
             Began as a Meteoran Fire Elementalist on May 7, 2023.
             Slain by Eustachio
             ... wielding a +0 rapier of protection
              (9 damage)
             ... on level 4 of the Dungeon.
             The game lasted 00:03:28 (553 turns).

hawla the Firebug (Meteoran Fire Elementalist)       Turns: 553, Time: 00:03:30

Health: 0/38       AC:  2    Str: 10    XL:     5   Next: 74%
Magic:  1/11       EV: 12    Int: 18    God:
Gold:   35         SH:  0    Dex: 14    Spells: 8/11 levels left

rFire   . . .        h - staff of death
rCold   . . .        (no shield)
rNeg    + + .        a - +0 robe
rPois   .            (no helmet)
rElec   .            (no cloak)
rCorr   .            (no gloves)
SInv    .            (no boots)
Will    +....        f - amulet of the acrobat
Stlth   +            c - ring of positive energy
HPRegen 0.26/turn    e - ring of willpower
MPRegen 0.12/turn

%: acrobat
@: glowing
A: sense surroundings 1, otherworldly, glowing, explore regen
a: no special abilities


You were on level 4 of the Dungeon.
You visited 1 branch of the dungeon, and saw 4 of its levels.

You collected 35 gold pieces.

Inventory:

Armour
 a - a +0 robe (worn)
Magical Staves
 h - a staff of death (weapon)
Jewellery
 c - a ring of positive energy (left hand)
 e - a ring of willpower (right hand)
 f - an amulet of the acrobat (around neck)
Scrolls
 d - 2 scrolls of identify
Potions
 g - a potion of curing


   Skills:
 - Level 2.8 Dodging
 - Level 1.4 Stealth
 - Level 3.6 Spellcasting
 - Level 1.7 Conjurations
 + Level 1.7 Necromancy
 - Level 5.1 Fire Magic
 + Level 2.0 Evocations


You had 8 spell levels left.
You knew the following spells:

 Your Spells              Type           Power      Damage    Failure   Level
a - Foxfire               Conj/Fire      60%        2x1d7     3%          1
b - Scorch                Fire           42%        2d6       2%          2

Your spell library contained the following spells:

 Spells                   Type           Power      Damage    Failure   Level
 Inner Flame              Hex/Fire       12%        N/A       16%         3
 Volatile Blastmotes      Fire/Tloc      24%        2d12      16%         3
 Flame Wave               Conj/Fire      15%        2d7       36%         4


Dungeon Overview and Level Annotations

Branches:
Dungeon (4/15) Zot: 1847
 Temple: D:4-7

Altars:
Elyvilon
Makhleb
Trog

Shops:
D:4 [

Annotations:
D:4 Eustachio


Innate Abilities, Weirdness & Mutations

You passively map a small area around you.
You are easily found by Zot.
You glow in the dark.
You regain HP and MP as you explore.


Message History

The crimson imp hits you but does no damage.
The crimson imp hits you. The bat hits you but does no damage.
Okay, then.
You feel much better. The bat closely misses you.
Eustachio gestures wildly while chanting.
The crimson imp closely misses you. The rat closely misses you.
The crimson imp hits you.
It was a potion of curing.
You feel better. Eustachio barely misses you. The rat misses you.
The crimson imp hits you. x2; The river rat bites you.
Casting: Scorch (safe; 2% risk of failure)
Confirm with . or Enter, or press ? or * to list all spells.
You don't have enough magic to cast this spell.
You closely miss Eustachio.
Eustachio is heavily wounded.
The crimson imp disappears in a puff of smoke!
The bat hits you.
Eustachio hits you with a +0 rapier of protection.
The bat barely misses you. The river rat closely misses you.
The crimson imp hits you but does no damage.
The rat bites you.
You barely miss Eustachio.
Eustachio is heavily wounded.
The bat barely misses you.
Eustachio hits you with a +0 rapier of protection.
The river rat barely misses you.
The crimson imp hits you but does no damage.
The rat barely misses you.
You hit Eustachio but do no damage.
Eustachio is heavily wounded.
Eustachio hits you with a +0 rapier of protection.
The bat hits you but does no damage. The river rat misses you.
The crimson imp closely misses you. The rat misses you.
Eustachio hits you with a +0 rapier of protection.
You hit Eustachio.
Eustachio is heavily wounded.
The bat hits you. The crimson imp barely misses you. The rat bites you.
The river rat bites you.
* * * LOW HITPOINT WARNING * * *
Eustachio hits you with a +0 rapier of protection!
You die...

#..##...###....
##..##._........
#........#.....( * # *
#.......###..#.# ** #
##.* #.......###..###
#.#..#* ####..........##
* ......# #............#
*
......r#####............
*
#....r@@##..............
......r.5#.....(........
.......b..............#.
#.#.................###.
# #.......#..##......#..
##......##.##..##.....
#......#.....###.....
####......##.......#...
*
#....>....###......#...


You could see Eustachio, a crimson imp (summoned), a river rat (summoned), a
quokka (summoned), a bat (summoned) and a rat (summoned).

Vanquished Creatures
  2 orc priests (D:3)
  2 iguanas (D:4)
  5 orcs
  An endoplasm (D:3)
  A giant cockroach (D:2)
  3 goblins
  2 quokkas (D:4)
  A ball python (D:2)
  3 bats (D:3)
  A frilled lizard (D:3)
  A rat (D:2)
22 creatures vanquished.

Vanquished Creatures (others)
  60 foxfires
60 creatures vanquished.

Grand Total: 82 creatures vanquished

Notes
Turn   | Place    | Note
-------+----------+-------------------------------------------
     0 | D:1      | hawla the Meteoran Fire Elementalist began the quest for
                  | the Orb.
     0 | D:1      | Reached XP level 1. HP: 14/14 MP: 5/5
    47 | D:2      | Reached XP level 2. HP: 20/20 MP: 3/6
    50 | D:2      | Learned a level 2 spell: Scorch
    59 | D:2      | Reached skill level 4 in Fire Magic
   125 | D:3      | Found a burning altar of Makhleb.
   142 | D:3      | Found a white marble altar of Elyvilon.
   192 | D:3      | Reached XP level 3. HP: 26/26 MP: 6/8
   192 | D:3      | Reached XP level 4. HP: 33/33 MP: 6/9
   196 | D:3      | Reached skill level 5 in Fire Magic
   263 | D:4      | Found a bloodstained altar of Trog.
   343 | D:4      | Reached skill level 1 in Necromancy
   343 | D:4      | Reached skill level 1 in Evocations
   343 | D:4      | Reached XP level 5. HP: 38/38 MP: 7/11
   381 | D:4      | Found Mesk's Antique Armour Shop.
   537 | D:4      | Noticed Eustachio
   553 | D:4      | Slain by Eustachio

Illustrated notes

Levels and vault maps discovered:
D:1:      minmay_arrival_open_corners, layout_basic
D:2:      layout_basic
D:3:      layout_rooms, mainiacjoe_overflow_catwalk_spiral
D:4:      layout_cave_pools, trog_three_pillars_becter, serial_shops,
          nicolae_shop_advertising_works [nicolae_subvault_shop_adworks],
          chequers_mini_garden, uniq_duvessa, uniq_eustachio

Skill      XL: |  1  2  3  4  5 |
---------------+----------------+-----
Fire Magic     | 4 5 |  5.1
Spellcasting   | 3 |  3.6
Necromancy     | 1 |  1.7
Evocations     | 1 2 |  2.0
Dodging        | |  2.8
Stealth        | |  1.4
Conjurations   | |  1.7

Action                     |  1- 3 |  4- 6 || total
---------------------------+-------+-------++-------
  Melee: Unarmed           |     1 |     2 ||     3
         Staff             |       |     6 ||     6
   Cast: Foxfire           |    15 |    20 ||    35
         Scorch            |       |     8 ||     8
    Use: Potion            |     1 |     2 ||     3
         Scroll            |       |     2 ||     2
 Armour: Robe              |     1 |     7 ||     8
  Dodge: Dodged            |     2 |    21 ||    23
